 Dungeon Crawl Stone Soup version 0.27-a0-860-gaf99fae3ca (webtiles) character file.

Game seed: 10213433181013298026

16058 DarkShadow the Cleaver (level 12, -4/106 HPs)
             Began as a Minotaur Fighter on Apr 1, 2021.
             Was an Initiate of Gozag.
             Slain by an eight-headed hydra (12 damage)
             ... on level 13 of the Dungeon.
             The game lasted 00:34:44 (12253 turns).

DarkShadow the Cleaver (Minotaur Fighter)          Turns: 12253, Time: 00:34:44

Health: -4/106     AC: 16    Str: 27    XL:     12   Next: 6%
Magic:  11/11      EV: 16    Int:  5    God:    Gozag
Gold:   1370       SH: 18    Dex: 15    Spells: 11/11 levels left

rFire    . . .     SeeInvis .   v - +3 war axe (elec)
rCold    . . .     Faith    .   c - +0 kite shield
rNeg     . . .     Spirit   .   w - +3 swamp dragon scales
rPois    +         Reflect  +   (helmet restricted)
rElec    .         Harm     .   M - +1 cloak
rCorr    .         Rampage  .   f - +0 pair of gloves
Will     .....                  (no boots)
Stlth    ++........             e - amulet of reflection
HPRegen  0.27/turn              g - +4 ring of evasion
MPRegen  0.12/turn              z - +6 ring of strength

@: no status effects
A: horns 2, retaliatory headbutt
a: Renounce Religion, Potion Petition, Call Merchant, Bribe Branch


You were on level 13 of the Dungeon.
You worshipped Gozag.
Gozag was most pleased with you.
You visited 1 branch of the dungeon, and saw 13 of its levels.

You collected 2339 gold pieces.
You spent 959 gold pieces at shops.
You paid 10 gold pieces to Gozag.

Inventory:

Hand Weapons
 a - a +0 war axe
 v - a +3 war axe of electrocution (weapon)
Missiles
 p - 5 boomerangs of dispersal (quivered)
Armour
 b - a +0 scale mail
 c - a +0 kite shield (worn)
 f - a +0 pair of gloves (worn)
 n - a +1 chain mail of poison resistance
 w - +3 swamp dragon scales (worn)
 A - a +0 cloak
 M - a +1 cloak (worn)
Jewellery
 e - an amulet of reflection (around neck)
 g - a +4 ring of evasion (left hand)
 h - a +6 ring of intelligence
 i - a +6 ring of intelligence
 j - an amulet of the acrobat
 u - a ring of positive energy
 z - a +6 ring of strength (right hand)
 F - a ring of poison resistance
 H - a ring of protection from fire
Wands
 l - a wand of flame (22)
 m - a wand of random effects (18)
 x - a wand of digging (9)
 I - a wand of paralysis (9)
 L - a wand of acid (7)
 N - a wand of charming (10)
Scrolls
 s - 4 scrolls of magic mapping
 y - 5 scrolls of fear
 C - 2 scrolls of teleportation
 E - 3 scrolls of identify
Potions
 d - a potion of heal wounds
 k - a potion of magic
 o - 2 potions of attraction
 q - 3 potions of curing
 r - 3 potions of brilliance
 t - 2 potions of flight {unknown}
 B - 2 potions of degeneration {unknown}
 D - 2 potions of mutation {unknown}
 G - a potion of ambrosia {unknown}
 J - a potion of might
 K - 2 potions of berserk rage {unknown}


   Skills:
 + Level 10.1 Fighting
 + Level 14.9 Axes
 + Level 8.6 Armour
 + Level 4.9 Dodging
 + Level 2.8 Stealth
 + Level 11.4 Shields
 + Level 1.3 Unarmed Combat


You had 11 spell levels left.
You didn't know any spells.
Your spell library contained the following spells:

 Spells                   Type           Power      Damage    Failure   Level
 Animate Skeleton         Necr           0%         N/A       75%         1
 Apportation              Tloc           0%         N/A       75%         1
 Corona                   Hex            0%         N/A       75%         1
 Magic Dart               Conj           0%         1d3       75%         1
 Summon Small Mammal      Summ           0%         N/A       75%         1
 Call Imp                 Summ           0%         N/A       87%         2
 Searing Ray              Conj           0%         3d3       87%         2
 Slow                     Hex            0%         N/A       87%         2
 Call Canine Familiar     Summ           0%         N/A       98%         3
 Confusing Touch          Hex            0%         N/A       98%         3
 Dazzling Flash           Conj/Hex       0%         N/A       98%         3
 Gell's Gravitas          Tloc           0%         N/A       98%         3
 Inner Flame              Hex/Fire       0%         N/A       98%         3
 Portal Projectile        Hex/Tloc       0%         N/A       98%         3
 Summon Guardian Golem    Hex/Summ       0%         N/A       98%         3
 Cause Fear               Hex            0%         N/A       100%        4
 Fulminant Prism          Conj/Hex       0%         3d6       100%        4
 Iskenderun's Mystic Bla  Conj/Tloc      0%         2d3       100%        4
 Leda's Liquefaction      Hex/Erth       0%         N/A       100%        4
 Petrify                  Tmut/Erth      0%         N/A       100%        4
 Summon Ice Beast         Ice/Summ       0%         N/A       100%        4
 Summon Lightning Spire   Summ/Air       0%         N/A       100%        4
 Metabolic Englaciation   Hex/Ice        0%         N/A       100%        5
 Yara's Violent Unravell  Hex/Tmut       0%         3d3       100%        5


Dungeon Overview and Level Annotations

Branches:
Dungeon (13/15)            Temple (0/1) D:5            Lair (0/6) D:10
    Orc (0/2) D:11
 Vaults: D:13-14

Altars:
Cheibriados
Dithmenos
Elyvilon
Gozag
Kikubaaqudgha
Makhleb
Qazlal
Ru
Trog
Uskayaw
Beogh

Shops:
D:7 *   D:8 ?   D:10 ?   D:11 *

Annotations:
D:11 exclusion: orange crystal statue


Innate Abilities, Weirdness & Mutations

You have a pair of horns on your head.
You reflexively headbutt those who attack you in melee.


Message History

The vampire mosquito is severely damaged.
You block the vampire mosquito's attack.
You slice the vampire mosquito!!
You destroy the vampire mosquito!
You start waiting.
Done waiting.
You climb upwards.
You block the eight-headed hydra's attack. x2
The eight-headed hydra bites you.
The eight-headed hydra barely misses you.
The eight-headed hydra closely misses you.
You block the eight-headed hydra's attack.
The eight-headed hydra misses you.
You block the eight-headed hydra's attack.
The death knight closely misses you. You furiously retaliate!
You headbutt the death knight.
The eight-headed hydra bites you but does no damage. x2
The eight-headed hydra barely misses you.
The eight-headed hydra closely misses you.
The eight-headed hydra bites you!
You block the eight-headed hydra's attack.
The eight-headed hydra bites you! x2
There is a stone staircase leading down, spattered with blood here.
You block the death knight's attack. The eight-headed hydra bites you!
The eight-headed hydra bites you.
You block the eight-headed hydra's attack.
The eight-headed hydra bites you.
The eight-headed hydra bites you but does no damage.
You block the eight-headed hydra's attack.
The eight-headed hydra completely misses you.
You block the eight-headed hydra's attack.
The freezing wraith hits you. The freezing wraith freezes you!!
The freezing wraith misses you.
You climb downwards.
There is a stone staircase leading up, spattered with blood here.
The death knight hits you with a +0 battleaxe!!
* * * LOW HITPOINT WARNING * * *
The eight-headed hydra bites you!
You die...
Your body crumbles into a pile of gold.

#.......#
#.......#
#.......#
#.......#
#.......#
#.......#
#.D.....#
#@$.#
#pW.#
#.........
#.........
#.........
#...##....
#...# ....
#...# ...
#...# ..


You could see a death knight, an eight-headed hydra and a freezing wraith.

Vanquished Creatures
  Snorg (D:9)
  A boulder beetle (D:11)
  2 two-headed ogres
  Erica (D:11)
  An ugly thing (D:8)
  A manticore (D:11)
  2 cyclopes
  3 slime creatures (D:10)
  Joseph (D:7)
  Maurice (D:10)
  2 freezing wraiths
  A kobold demonologist (D:12)
  5 trolls
  A hornet (D:11)
  A wyvern (D:9)
  3 yaks (D:9)
  2 wraiths
  Eustachio (D:4)
  A basilisk (D:12)
  A steam dragon (D:8)
  3 vampire mosquitoes (D:13)
  6 wargs
  2 water moccasins
  9 orc warriors
  2 black bears (D:5)
  2 ice beasts
  5 ogres
  3 centaurs
  5 phantoms
  3 bullfrogs
  A kobold brigand (D:8)
  A scorpion (D:6)
  2 water moccasin zombies (D:5)
  A wyvern skeleton (D:7)
  8 killer bees (D:9)
  4 wights (D:6)
  5 centaur zombies
  3 bullfrog skeletons
  4 hounds
  3 centaur skeletons
  7 orc priests
  3 iguanas
  Ijyb (D:4)
  Natasha (thrice) (D:3)
  12 orc wizards
  3 howler monkey zombies
  A gnoll (D:2)
  5 adders
  A shadow imp (D:6)
  2 white imps
  A worm (D:3)
  45 orcs
  6 ball pythons
  5 endoplasms
  3 giant cockroaches
  4 goblins
  5 hobgoblins
  4 jackals
  2 quokkas (D:1)
  11 bats
  5 frilled lizards
  9 kobolds
  5 rats
247 creatures vanquished.

Vanquished Creatures (others)
  6 plants
6 creatures vanquished.

Grand Total: 253 creatures vanquished

Notes
Turn   | Place    | Note
-------+----------+-------------------------------------------
     0 | D:1      | DarkShadow the Minotaur Fighter began the quest for the
                  | Orb.
     0 | D:1      | Reached XP level 1. HP: 19/19 MP: 0/0
   580 | D:1      | Found a faded altar of an unknown god.
   640 | D:1      | Reached XP level 2. HP: 27/27 MP: 1/1
   831 | D:2      | Reached skill level 3 in Axes
   831 | D:2      | Reached XP level 3. HP: 24/33 MP: 2/2
  1249 | D:2      | Reached XP level 4. HP: 33/40 MP: 3/3
  1416 | D:2      | Reached skill level 4 in Axes
  1800 | D:3      | Found a white marble altar of Elyvilon.
  1816 | D:3      | Noticed Natasha
  1823 | D:3      | Killed Natasha
  1824 | D:3      | Reached XP level 5. HP: 42/46 MP: 4/4
  1939 | D:3      | Noticed Natasha
  1945 | D:3      | Killed Natasha
  1963 | D:3      | Found an opulent altar of Gozag.
  1969 | D:3      | Became a worshipper of Gozag Ym Sagoz the Greedy
  2105 | D:3      | Noticed Natasha
  2113 | D:3      | Killed Natasha
  2114 | D:3      | Reached skill level 5 in Axes
  2370 | D:4      | Noticed a phantom
  2387 | D:4      | Killed a phantom
  2388 | D:4      | Reached skill level 1 in Dodging
  2388 | D:4      | Reached skill level 5 in Shields
  2388 | D:4      | Reached XP level 6. HP: 49/53 MP: 5/5
  2414 | D:4      | Noticed Eustachio
  2435 | D:4      | Reached skill level 6 in Axes
  2439 | D:4      | Killed Eustachio
  2468 | D:4      | Reached skill level 7 in Axes
  2468 | D:4      | Reached XP level 7. HP: 50/60 MP: 6/6
  2487 | D:4      | Reached skill level 5 in Armour
  2664 | D:4      | Noticed Ijyb
  2677 | D:4      | Killed Ijyb
  3361 | D:5      | Entered Level 5 of the Dungeon
  3412 | D:5      | Reached skill level 5 in Fighting
  3516 | D:5      | Found a staircase to the Ecumenical Temple.
  3611 | D:5      | Reached skill level 8 in Axes
  3676 | D:5      | Reached XP level 8. HP: 68/68 MP: 7/7
  3714 | D:5      | Found an ancient bone altar of Kikubaaqudgha.
  3873 | D:5      | Found a sacrificial altar of Ru.
  4025 | D:5      | Reached skill level 9 in Axes
  4346 | D:6      | Noticed a +0 dagger
  4346 | D:6      | Noticed a +0 short sword
  4347 | D:6      | Noticed a +0 short sword
  4348 | D:6      | Noticed a +0 spear
  4348 | D:6      | Noticed a +0 falchion
  4348 | D:6      | Noticed a +0 spear
  4349 | D:6      | Noticed a +0 falchion
  4349 | D:6      | Noticed a +0 dagger
  4350 | D:6      | Found a hide-covered altar of Uskayaw.
  4404 | D:6      | Reached skill level 10 in Axes
  4517 | D:6      | Reached XP level 9. HP: 48/75 MP: 8/8
  5367 | D:7      | Identified the +6 flail of Salo {vorpal, rElec rPois rC-}
  5736 | D:7      | Noticed Joseph
  5757 | D:7      | Killed Joseph
  5758 | D:7      | Reached skill level 11 in Axes
  5758 | D:7      | Reached skill level 1 in Stealth
  6153 | D:7      | Found Zesunged's Assorted Antiques.
  6168 | D:7      | Bought a runed war axe for 97 gold pieces
  6168 | D:7      | Bought glowing swamp dragon scales for 795 gold pieces
  6585 | D:7      | Bought a cloak for 67 gold pieces
  6678 | D:8      | Found Vepsy's Magic Scroll Emporium.
  6685 | D:8      | Noticed a green ugly thing
  6692 | D:8      | Killed a green ugly thing
  6693 | D:8      | Reached skill level 1 in Unarmed Combat
  6711 | D:8      | Reached XP level 10. HP: 82/86 MP: 9/9
  7000 | D:8      | Found a sand-covered staircase.
  7383 | D:9      | Identified the +7 whip "Hanomuv" {vorpal, +Fly Will- Dex+4
                  | Stlth+}
  7409 | D:9      | Reached skill level 12 in Axes
  7701 | D:9      | Found a snail-covered altar of Cheibriados.
  8220 | D:10     | Entered Level 10 of the Dungeon
  8221 | D:10     | Noticed Snorg
  8272 | D:9      | Killed Snorg
  8273 | D:9      | Reached skill level 13 in Axes
  8473 | D:10     | Noticed a two-headed ogre
  8479 | D:10     | Killed a two-headed ogre
  8583 | D:10     | Reached skill level 10 in Shields
  8583 | D:10     | Reached XP level 11. HP: 80/95 MP: 10/10
  8802 | D:10     | Found a burning altar of Makhleb.
  8811 | D:10     | Found a staircase to the Lair.
  9020 | D:10     | Found Junirac's Magic Scroll Emporium.
  9225 | D:10     | Found a stormy altar of Qazlal.
  9233 | D:10     | Found a bloodstained altar of Trog.
  9236 | D:10     | Found a shadowy altar of Dithmenos.
  9485 | D:10     | Noticed Maurice
  9492 | D:10     | Killed Maurice
 10109 | D:11     | Noticed a two-headed ogre
 10116 | D:11     | Killed a two-headed ogre
 10123 | D:11     | Found Igiovem's Demolitions Depot.
 10316 | D:11     | Reached skill level 14 in Axes
 10612 | D:11     | Noticed an orange crystal statue
 10902 | D:11     | Noticed a boulder beetle
 10911 | D:11     | Killed a boulder beetle
 11021 | D:11     | Noticed Erica
 11029 | D:11     | Killed Erica
 11167 | D:11     | Found a staircase to the Orcish Mines.
 11400 | D:12     | Reached skill level 10 in Fighting
 11839 | D:12     | Noticed a death knight
 11852 | D:13     | Reached XP level 12. HP: 33/106 MP: 11/11
 12137 | D:12     | Noticed an eight-headed hydra
 12253 | D:13     | Slain by an eight-headed hydra

Illustrated notes

Levels and vault maps discovered:
D:1:      psy_arrival_terrarium, layout_loops_ring, basic_ecumenical_altar
D:2:      layout_rooms, minmay_tiny_reverse_x
D:3:      layout_basic, overflow_temple_1_default, elyvilon_altar_5,
          uniq_natasha
D:4:      cheibrodos_helix_gallery, layout_basic, uniq_eustachio, uniq_ijyb
D:5:      layout_rooms, kennysheep_mini, marbit_many_paths,
          minmay_temple_entry_wispy, serial_bayou_lagoon_b
D:6:      layout_basic, nicolae_uskayaw_en_pointe
D:7:      minmay_flawed_box, layout_basic, serial_shops, nicolae_shop_stone,
          uniq_joseph
D:8:      layout_basic, serial_shops, shop, lightli_ossuary_entry_decrepit_ruins
D:9:      layout_roguey, lemuel_doored_altar, kennysheep_cross_room
D:10:     layout_layer_cave, overflow_temple_1_default,
          grunt_temple_overflow_diamond, erik_lair_orcish_takeover,
          serial_shops, nicolae_shop_statue_plus, uniq_maurice, uniq_snorg
D:11:     layout_loops_corners, minmay_orc_entry_guard_dogs, special_room
          [special_room_orc], nicolae_blasting_shop, minmay_protected_statue,
          uniq_erica
D:12:     layout_cave_pods, minmay_nine_imps
D:13:     minmay_chopped_fan, layout_gridville, david_vaults_3, enter_trove_6

Skill      XL: |  1  2  3  4  5  6  7  8  9 10 11 |
---------------+----------------------------------+-----
Fighting       | 4 5 7 8 10 | 10.1
Axes           | 3 4 5 7 8 10 11 13 14 | 14.9
Armour         | 4 5 6 7 8 |  8.6
Shields        | 4 5 6 8 10 11 | 11.4
Dodging        | 1 2 3 4 |  4.9
Stealth        | 1 2 |  2.8
Unarmed Combat | 1 |  1.3

Action                   |  1- 3 |  4- 6 |  7- 9 | 10-12 || total
-------------------------+-------+-------+-------+-------++-------
Melee: War axe           |    62 |    95 |   284 |   296 ||   737
       Headbutt          |     7 |    19 |    52 |    76 ||   154
       Unarmed           |       |       |     6 |       ||     6
  Use: Scroll            |     3 |     7 |     7 |     4 ||    21
       Potion            |       |       |     3 |     1 ||     4
 Stab: Distracted        |       |       |     1 |     2 ||     3
       Sleeping          |       |       |       |     1 ||     1
Armor: Scale mail        |    25 |    13 |       |       ||    38
       Chain mail        |       |    16 |    81 |       ||    97
       Swamp dragon scal |       |       |     1 |    55 ||    56
Dodge: Dodged            |    31 |    41 |    90 |   117 ||   279
Block: Kite shield       |    55 |    93 |   202 |   234 ||   584
       Reflection        |     1 |     1 |     7 |     7 ||    16
       Other             |       |       |     2 |       ||     2

Table legend: (Time is in decaauts)
 A = Elapsed time spent in this place.
 B = Non-inter-level travel time spent in this place.
 C = Inter-level travel time spent in this place.
 D = Time resting spent in this place.
 E = Time spent auto-exploring this place.
 F = Levels seen in this place.
 G = Mean time per level.
                   A        B        C        D        E       F      G
               +--------+--------+--------+--------+--------+-----+--------+
         Total |  12404 |  12279 |    125 |   1871 |   6889 |  13 |  954.2 |
       Dungeon |  12404 |  12279 |    125 |   1871 |   6889 |  13 |  954.2 |
               +--------+--------+--------+--------+--------+-----+--------+

Top non-repeatable levels by time:
     D:7: 1631 daAuts
    D:10: 1579 daAuts
    D:11: 1383 daAuts
     D:9: 1051 daAuts
     D:4: 1049 daAuts
     D:5: 902 daAuts
     D:2: 831 daAuts
     D:1: 824 daAuts
     D:6: 762 daAuts
     D:8: 760 daAuts
     D:3: 755 daAuts
    D:12: 462 daAuts
    D:13: 410 daAuts
